 Dungeon Crawl Stone Soup version 0.24.0-1-gfbc8707 (webtiles) character file.

Game seed: 12156995646581145206, levelgen mode: deterministic

564 Illumine the Covered (level 7, -4/54 HPs)
             Began as a Demonspawn Fighter on Nov 4, 2019.
             Was an Initiate of Ru.
             Slain by an orc wizard
             ... wielding a +2 dagger of electrocution
              (17 damage)
             ... on level 6 of the Dungeon.
             The game lasted 00:07:48 (4778 turns).

Illumine the Covered (Demonspawn Fighter)           Turns: 4778, Time: 00:07:48

Health: -4/54      AC: 12    Str: 18    XL:     7   Next: 10%
Magic:  7/7        EV:  4    Int:  9    God:    Ru [......]
Gold:   104        SH:  9    Dex: 13    Spells: 6/6 levels left

rFire    + . .     SeeInvis .   a - +0 long sword
rCold    . . .     Gourm    .   c - +0 shield
rNeg     . . .     Faith    .   j - +0 plate armour (curse)
rPois    .         Spirit   .   (helmet restricted)
rElec    .         Reflect  .   (no cloak)
rCorr    .         Harm     .   (no gloves)
MR       .....                  (no boots)
Stlth    ..........             (no amulet)
HPRegen  0.18/turn              n - ring of protection from fire
MPRegen  0.10/turn              (no ring)

@: no status effects
A: antennae 2, demonic guardian 1, powered by death 1
a: Renounce Religion


You were on level 6 of the Dungeon.
You worshipped Ru.
Ru was noncommittal.
You were not hungry.

You visited 2 branches of the dungeon, and saw 7 of its levels.

You collected 104 gold pieces.

Inventory:

Hand Weapons
 a - a +0 long sword (weapon)
 u - a cursed -3 long sword
Missiles
 m - 7 boomerangs (quivered)
Armour
 c - a +0 shield (worn)
 j - a cursed +0 plate armour (worn)
Jewellery
 n - a ring of protection from fire (left hand)
 t - an uncursed ring of protection from cold
 x - a +2 ring of strength {unknown}
Wands
 v - a wand of paralysis (9)
Scrolls
 b - 2 scrolls of fear {unknown}
 g - 4 scrolls of teleportation {unknown}
 h - 4 scrolls of identify {unknown}
 i - 3 scrolls of immolation {unknown}
 k - a scroll of blinking {unknown}
 r - 2 scrolls of noise {unknown}
 s - a scroll of remove curse {unknown}
Potions
 d - a potion of might
 e - 4 potions of heal wounds {unknown}
 l - 2 potions of flight {unknown}
 o - 2 potions of agility {unknown}
 p - a potion of degeneration {unknown}
 q - 4 potions of curing {unknown}
 w - a potion of lignification {unknown}
 z - a potion of haste {unknown}
Comestibles
 f - 10 rations


   Skills:
 + Level 4.2 Fighting
 * Level 4.0 Long Blades
 * Level 4.4 Armour
 + Level 2.0 Dodging
 + Level 3.8 Shields


You had 6 spell levels left.
You didn't know any spells.
Your spell library was empty.

Dungeon Overview and Level Annotations

Branches:
Dungeon (7/15)             Temple (1/1) D:6

Altars:
Ashenzari
Cheibriados
Dithmenos
Elyvilon
Gozag
Hepliaklqana
Makhleb
Nemelex Xobeh
Qazlal
Ru
Uskayaw
Wu Jian
Yredelemnul
Zin
The Shining One

Shops:
D:6 }

Annotations:
D:2 1 runed translucent door, Crazy Yiuf
D:3 1 runed translucent door, EDimP's ghost, amateur SpFi


Innate Abilities, Weirdness & Mutations

You have a pair of antennae on your head.
A weak demonic guardian rushes to your aid.
You regenerate a little health from kills.


Message History

The orc wizard hits you but does no damage.
The orc wizard gestures at you while chanting.
The magic dart hits you but does no damage.
Your plate armour prevents you from hitting the orc wizard.
The orc wizard is heavily wounded.
The orc wizard hits you but does no damage.
You are electrocuted!!
* * * LOW HITPOINT WARNING * * *
Unknown command.
You hit the orc wizard but do no damage.
The orc wizard is heavily wounded.
The orc wizard hits you but does no damage.
The orc wizard points at you and mumbles some strange words.
The magic dart hits you but does no damage.
You closely miss the orc wizard.
The orc wizard is heavily wounded.
You block the orc wizard's attack.
The orc wizard hits you but does no damage.
You are electrocuted!
You die...

######.....#...##.####..##.#
#.....##.....#.....#
#.....##.###.#.###.####.#
#.....##.###.#.##.......#
#.....##..##.#..#..######
+.....###.##.##(#......#
#............##.#...##.#
#......###..<##.##.###.#
#...####[###o@.##........# #
#.#.....##....#####
#.#.##..###.###
#.#.##.>....# #...#########
#####


You could see an orc wizard.

Vanquished Creatures
  An ice beast (D:6)
  2 scorpions (D:4)
  A crimson imp (D:4)
  An orc priest (D:6)
  Natasha (thrice) (D:2)
  An iguana (D:4)
  A worker ant zombie (D:6)
  4 gnolls (D:3)
  5 adders
  5 worms
  2 dart slugs (D:1)
  2 leopard geckos
  8 orcs
  2 giant cockroaches
  10 goblins
  6 hobgoblins
  3 jackals (D:6)
  3 kobolds
  A quokka (D:6)
  4 bats
  4 frilled lizards
  A leopard gecko skeleton (D:4)
  10 rats
80 creatures vanquished.

Vanquished Creatures (collateral kills)
  A scorpion (D:6)
  A hound (D:3)
  An orc wizard (D:3)
  4 orcs
  A jackal (D:6)
  A leopard gecko skeleton (D:7)
9 creatures vanquished.

Grand Total: 89 creatures vanquished

Notes
Turn   | Place    | Note
-------+----------+-------------------------------------------
     0 | D:1      | Illumine the Demonspawn Fighter began the quest for the
                  | Orb.
     0 | D:1      | Reached XP level 1. HP: 18/18 MP: 1/1
   281 | D:1      | Gained mutation: You regenerate a little health from kills.
                  | [demonic ancestry]
   281 | D:1      | Reached XP level 2. HP: 24/24 MP: 2/2
   924 | D:2      | Gained mutation: You have a pair of small antennae on your
                  | head. [demonic ancestry]
   924 | D:2      | Reached XP level 3. HP: 27/29 MP: 3/3
  1236 | D:2      | Noticed Natasha
  1244 | D:2      | Killed Natasha
  1276 | D:2      | Noticed Natasha
  1285 | D:2      | Killed Natasha
  1285 | D:2      | Gained mutation: A weak demonic guardian rushes to your
                  | aid. [demonic ancestry]
  1285 | D:2      | Reached XP level 4. HP: 33/35 MP: 4/4
  1408 | D:2      | Found a runed translucent door.
  1409 | D:2      | Noticed Crazy Yiuf
  1797 | D:2      | Noticed Natasha
  1803 | D:2      | Killed Natasha
  1958 | D:3      | Reached skill level 1 in Dodging
  1978 | D:3      | Reached XP level 5. HP: 40/41 MP: 5/5
  2264 | D:3      | Found a runed translucent door.
  2265 | D:3      | Noticed EDimP's ghost (amateur SpFi)
  2339 | D:3      | Found a burning altar of Makhleb.
  3234 | D:4      | Gained mutation: You have a pair of antennae on your head.
                  | [demonic ancestry]
  3234 | D:4      | Reached XP level 6. HP: 31/48 MP: 6/6
  4239 | D:4      | You fall into a shaft and drop 3 floors!
  4239 | D:7      | Noticed an orc warrior
  4267 | D:6      | Found a staircase to the Ecumenical Temple.
  4294 | Temple   | Entered the Ecumenical Temple
  4328 | Temple   | Became a worshipper of Ru the Awakened
  4382 | D:6      | Found Aclessir's Gadget Boutique.
  4443 | D:6      | Noticed an ice beast
  4461 | D:6      | Killed an ice beast
  4461 | D:6      | Reached XP level 7. HP: 10/54 MP: 7/7
  4778 | D:6      | Slain by an orc wizard

Levels and vault maps discovered:
D:1:      minmay_arrival_up_and_down, layout_basic, st_stairs_12
D:2:      layout_loops_corners, uniq_crazy_yiuf_cottage, uniq_natasha
D:3:      layout_loops_corners, makhleb_blood_cavern_becter,
          ebering_ghost_sewer_d
D:4:      minmay_recursive_quarters, layout_basic, first_ration,
          minmay_hedge_maze, minmay_vboxes
D:6:      layout_basic, minmay_temple_entry_glass, serial_shops,
          kennysheep_mini, minmay_misc_feat_room
D:7:      minmay_skewed_foursquare, layout_basic, serial_glass, glass_columns_a,
          glass_columns_a, grunt_livestock, uniq_pikel
Temple:   eino_temple_lava

Skill      XL: |  1  2  3  4  5  6 |
---------------+-------------------+-----
Long Blades    | 2 3 4 |  4.0
Armour         | 3 4 |  4.4
Shields        | 3 |  3.8
Dodging        | 1 2 |  2.0
Fighting       | 4 |  4.2

Action                   |  1- 3 |  4- 6 |  7- 9 || total
-------------------------+-------+-------+-------++-------
Melee: Long sword        |   135 |   313 |    22 ||   470
Throw: Boomerang         |       |     3 |       ||     3
  Use: Potion            |       |     1 |       ||     1
  Eat: Chunk             |     2 |     8 |       ||    10
       Ration            |       |     1 |       ||     1
Armor: Scale mail        |    18 |       |       ||    18
       Plate armour      |   142 |   199 |    15 ||   356
Dodge: Dodged            |    33 |    39 |     5 ||    77
Block: Shield            |   102 |   170 |    10 ||   282
       Rpst.: Long sword |    12 |    13 |     2 ||    27
